 Dungeon Crawl Stone Soup version 0.14-a0-1499-g388a102 (webtiles) character file.

284 HollowCharge the Slasher (level 4, -1/33 HPs)
             Began as a High Elf Skald on Dec 15, 2013.
             Slain by an iguana (9 damage)
             ... on Level 4 of the Dungeon.
             The game lasted 00:23:33 (3940 turns).

HollowCharge the Slasher (High Elf Skald)           Turns: 3940, Time: 00:23:34

HP  -1/33        AC  5     Str 12      XL: 4   Next: 96%
MP  11/11        EV 10     Int 15      God:
Gold 149         SH  0     Dex 13 (17) Spells:  3 memorised,  2 levels left

rFire  . . .     SeeInvis .     a - +1 elf falchion
rCold  . . .     Clarity  .     e - +2 leather armour
rNeg   + . .     Conserve .     (no shield)
rPois  .         rCorr    .     (no helmet)
rElec  .         rRot     .     (no cloak)
SustAb . .       Spirit   .     (no gloves)
rMut   .         Warding  .     (no boots)
Saprov . . .     Stasis   .     (no amulet)
                                i - ring of positive energy {unknown}
                                j - +2 ring of dexterity

@: slightly resistant to hostile enchantments, very unstealthy
A: no striking features
a: no special abilities


You were on level 4 of the Dungeon.
You were not hungry.

You visited 1 branch of the dungeon, and saw 4 of its levels.

You collected 149 gold pieces.

Inventory:

Hand weapons
 a - a +1,+1 elven falchion (weapon)
 f - a +0,+0 long sword
 m - a +1,+0 elven falchion
Armour
 b - a +0 elven leather armour
 e - a +2 leather armour (worn)
 k - a +0 ring mail
Magical devices
 g - a wand of confusion (11) {unknown}
Comestibles
 d - a bread ration
Scrolls
 l - a scroll of fear
 n - 3 scrolls of identify {unknown}
Jewellery
 i - a ring of positive energy (right hand) {unknown}
 j - a +2 ring of dexterity (left hand)
Books
 c - a book of Battle

   Spells                             Type                      Level
   *Infusion                          Charms                       1
   *Shroud of Golubria                Charms/Translocation         2
   *Song of Slaying                   Charms                       2
   Spectral Weapon                    Hexes/Charms                 3
   Regeneration                       Charms/Necromancy            3


   Skills:
 + Level 4.0 Fighting
 + Level 4.6 Long Blades
 - Level 0.8 Armour
 - Level 1.1 Dodging
 - Level 2.4 Spellcasting
 - Level 3.6 Charms


You had 2 spell levels left.
You knew the following spells:

 Your Spells              Type           Power        Failure   Level  Hunger
a - Infusion              Chrm           ##....       6%          1    #......
b - Song of Slaying       Chrm           ##......     10%         2    ##.....
c - Shroud of Golubria    Chrm/Tloc      #.........   17%         2    ##.....


Dungeon Overview and Level Annotations

Branches:
Dungeon (4/16)
 Temple: D:4-7

Altars:
Sif Muna
Vehumet


Message History

You kill the goblin!
Casting: Infusion
Confirm with . or Enter, or press ? or * to list all spells.
Your attacks are magically infused.
You barely miss the iguana. The iguana barely misses you.
You hit the iguana.
The iguana is lightly wounded.
The iguana bites you.
You hit the iguana but do no damage.
The iguana is lightly wounded.
The iguana bites you!
You closely miss the iguana.
The iguana is lightly wounded.
The iguana bites you!
You hit the iguana but do no damage.
The iguana is lightly wounded.
The iguana bites you!
* * * LOW HITPOINT WARNING * * *
You feel better.
It was a potion of curing.
The iguana bites you!
You die...

... =.. ... #.# #.#
#.# #.#
###########.####.###
...$...l@.........$.
###########.###.....
..............# (
.<######......#
..............#
..######......#
#......# #<######
#.#


You could see an iguana.

Vanquished Creatures
  A crimson imp (D:3)
  2 adders
  2 worms
  2 giant geckos
  3 oozes
  4 orcs (D:3)
  2 ball pythons
  9 bats
  5 giant cockroaches
  3 hobgoblins
  A quokka (D:3)
  4 giant newts
  6 goblins
  A hobgoblin skeleton (D:3)
  7 jackals
  4 kobolds
  7 rats
63 creatures vanquished.

Vanquished Creatures (others)
  A hobgoblin (D:1)
1 creature vanquished.

Grand Total: 64 creatures vanquished

Notes
Turn   | Place    | Note
--------------------------------------------------------------
     0 | D:1      | HollowCharge, the High Elf Skald, began the quest for the Orb.
     0 | D:1      | Reached XP level 1. HP: 14/14 MP: 4/4
   304 | D:1      | Reached XP level 2. HP: 10/20 MP: 6/6
   536 | D:1      | Learned a level 2 spell: Song of Slaying
   539 | D:1      | Learned a level 2 spell: Shroud of Golubria
  1886 | D:2      | Reached XP level 3. HP: 25/25 MP: 5/8
  2731 | D:2      | Found a radiant altar of Vehumet.
  2732 | D:2      | Found a deep blue altar of Sif Muna.
  3010 | D:3      | Reached skill level 4 in Long Blades
  3010 | D:3      | Reached XP level 4. HP: 28/32 MP: 5/11
  3407 | D:3      | Found a glowing drain.
  3940 | D:4      | Slain by an iguana

Action                   |  1- 3 |  4- 6 || total
-------------------------+-------+-------++-------
Melee: Falchion          |   145 |    63 ||   208
 Cast: Infusion          |     4 |     9 ||    13
  Use: Scroll            |     5 |     9 ||    14
       Potion            |       |     2 ||     2
